 Dungeon Crawl Stone Soup version 0.17.0-28-g6e173f8 (webtiles) character file.

703 AAAAA the Carver (level 7, -6/63 HPs)
             Began as a Minotaur Fighter on Dec 2, 2015.
             Was a Believer of Cheibriados.
             Killed from afar by Britaniac's ghost (26 damage)
             ... with a flame tongue
             ... on level 7 of the Dungeon.
             The game lasted 00:11:09 (2931 turns).

AAAAA the Carver (Minotaur Fighter)                 Turns: 2931, Time: 00:11:09

Health: -6/63      AC: 12    Str: 24    XL:     7   Next: 39%
Magic:  7/7        EV:  8    Int:  9    God:    Cheibriados [**....]
Gold:   268        SH:  0    Dex: 16    Spells: 0 memorised, 6 levels left

rFire  . . .     SeeInvis .     a - +0 long sword
rCold  . . .     Clarity  .     B - +0 chain mail
rNeg   . . .     SustAt   .     (no shield)
rPois  .         Gourm    .     (helmet restricted)
rElec  .         Spirit   .     (no cloak)
rCorr  .         Warding  .     D - +2 pair of gloves
rMut   .         Stasis   .     (no boots)
MR     .....                    w - amulet of faith
Stlth  ..........               (no ring)
                                (no ring)

@: about to teleport, very slow, not resistant to hostile enchantments,
extremely unstealthy
A: retaliatory headbutt, horns 2
a: Bend Time, Renounce Religion


You were on level 7 of the Dungeon.
You worshipped Cheibriados.
Cheibriados was pleased with you.
You were not hungry.

You visited 1 branch of the dungeon, and saw 5 of its levels.

You collected 268 gold pieces.

Inventory:

Hand Weapons
 a - a +0 long sword (weapon)
 l - a +2 dagger of venom
Missiles
 k - a throwing net
 p - 5 javelins (quivered)
Armour
 c - a +0 shield
 B - a +0 chain mail (worn)
 D - a +2 pair of gloves (worn)
Jewellery
 w - an amulet of faith (around neck)
Wands
 u - a wand of frost (18)
Scrolls
 f - a scroll of blinking
 g - a scroll of enchant weapon
 j - a scroll of teleportation
 m - 3 scrolls of remove curse
 r - 2 scrolls of magic mapping {unknown}
 v - 2 scrolls of recharging
 y - a scroll of fog {unknown}
 A - a scroll of amnesia {unknown}
Potions
 b - a potion of curing
 d - a potion of might
 h - a potion of poison {unknown}
 i - a potion of agility {unknown}
 n - a potion of cancellation {unknown}
 q - a potion of haste {unknown}
 s - a potion of invisibility
 t - a potion of heal wounds
 x - a potion of brilliance {unknown}
 C - 2 potions of magic {unknown}
Comestibles
 e - 3 bread rations
 z - 3 chunks of flesh


   Skills:
 - Level 6.1 Fighting
 - Level 8.0 Long Blades
 - Level 3.6 Armour
 - Level 3.6 Shields
 + Level 2.6 Invocations


You had 6 spell levels left.
You didn't know any spells.

Dungeon Overview and Level Annotations

Branches:
Dungeon (7/15)
 Temple: D:4-7

Altars:
Cheibriados
Gozag

Annotations:
D:7 Britaniac's ghost, novice GrFE


Innate Abilities, Weirdness & Mutations

You reflexively headbutt those who attack you in melee.
You have a pair of horns on your head.


Message History

The flame tongue hits you!
You slash Britaniac's ghost! Your headbutt misses Britaniac's ghost.
Britaniac's ghost is moderately damaged.
Britaniac's ghost casts a spell at you. The flame tongue hits you!
You completely miss Britaniac's ghost.
Britaniac's ghost is moderately damaged.
Britaniac's ghost hits you.
You closely miss Britaniac's ghost.
Britaniac's ghost is moderately damaged.
Britaniac's ghost hits you.
You hit Britaniac's ghost.
Britaniac's ghost is moderately damaged.
Britaniac's ghost hits you but does no damage.
Read which item? (? for menu, Esc to quit)
As you read the scroll of teleportation, it crumbles to dust.
You feel strangely unstable.
Britaniac's ghost points at you and mumbles some strange words.
The flame tongue hits you!
You die...

######## $.....# #
.....# #. ....# ## ..
.... .(## ### #.
..##?.... ..# ..
#.W(.#.# ####.####
#.###@# #.# #.......#
#.....####.# #.#.....#
###.#......###.#.....#
#.###........#.....#
#.# #........#......
#.# #...............
#.# #...............
#.# #.......####.###
..# #.......# #.#


You could see Britaniac's ghost.

Vanquished Creatures
  The ghost of lucasterio the Ogre Mage, an amateur OgWz (D:3)
  A giant frog (D:7)
  A crimson imp (D:7)
  3 orc wizards
  Jessica (D:2)
  A centaur skeleton (D:4)
  3 worker ants (D:4)
  2 iguanas
  A hound skeleton (D:4)
  4 adders (D:3)
  5 worms
  3 giant geckos
  6 orcs
  2 ball pythons
  5 giant cockroaches
  8 hobgoblins
  2 jackals (D:1)
  A quokka (D:3)
  7 bats
  4 giant newts
  5 goblins
  7 kobolds
  A rat (D:3)
74 creatures vanquished.

Vanquished Creatures (others)
  A giant cockroach (D:3)
  7 toadstools (D:1)
8 creatures vanquished.

Grand Total: 82 creatures vanquished

Notes
Turn   | Place    | Note
--------------------------------------------------------------
     0 | D:1      | AAAAA the Minotaur Fighter began the quest for the Orb.
     0 | D:1      | Reached XP level 1. HP: 19/19 MP: 0/0
   439 | D:1      | Reached XP level 2. HP: 24/26 MP: 1/1
   637 | D:1      | Reached skill level 4 in Long Blades
   772 | D:2      | Noticed Jessica
   778 | D:2      | Killed Jessica
   778 | D:2      | Reached XP level 3. HP: 31/31 MP: 2/2
   851 | D:2      | Found a snail-covered altar of Cheibriados.
   859 | D:2      | Became a worshipper of Cheibriados the Contemplative
   992 | D:2      | Reached skill level 5 in Long Blades
  1239 | D:3      | Reached XP level 4. HP: 39/39 MP: 3/3
  1288 | D:3      | Noticed lucasterio's ghost (amateur OgWz)
  1319 | D:3      | Killed lucasterio's ghost
  1319 | D:3      | Reached skill level 7 in Long Blades
  1319 | D:3      | Reached XP level 5. HP: 27/45 MP: 4/4
  1319 | D:3      | Reached XP level 6. HP: 30/51 MP: 5/5
  1339 | D:3      | Reached * piety under Cheibriados
  1551 | D:3      | Reached skill level 8 in Long Blades
  2105 | D:3      | Found an opulent altar of Gozag.
  2238 | D:4      | Reached skill level 5 in Fighting
  2291 | D:4      | Reached XP level 7. HP: 19/62 MP: 6/6
  2291 | D:4      | Reached ** piety under Cheibriados
  2693 | D:4      | Reached skill level 1 in Invocations
  2879 | D:4      | You fall through a shaft for 3 floors!
  2920 | D:7      | Noticed Britaniac's ghost (novice GrFE)
  2931 | D:7      | Killed from afar by Britaniac's ghost

Action                   |  1- 3 |  4- 6 |  7- 9 || total
-------------------------+-------+-------+-------++-------
Melee: Long sword        |    70 |    93 |    29 ||   192
Throw: Javelin           |     4 |       |     4 ||     8
  Use: Scroll            |     6 |     1 |     3 ||    10
       Potion            |       |     5 |       ||     5
 Stab: Confused          |       |     1 |       ||     1
  Eat: Chunk             |     1 |     2 |     1 ||     4
